Match 38850285
Unlisted

Match 38850285
End
Construct Infanterie Kompanie
Kettenkrad Recon Vehicle
Grenadier Squad
Selects Luftwaffe Battlegroup
Selects Luftwaffe Pioneer Support
MG 42 Machine Gun Team
Grenadier Squad
Construct Panzergrenadier Kompanie
Pak 40 Anti-tank Gun Team
251 Medium Carrier
Fallschirmpioneer Squad Paradrop
Panzergrenadier Squad
Pak 40 Anti-tank Gun Team
Construct Panzer Kompanie
Selects Flak 38 Anti-Air Emplacement
Selects Flak 36 Anti-tank Gun Emplacement
MG 42 Machine Gun Team
Medical Station
Selects Stuka Strafing Run
Stuka Strafing Run
Selects Fallschirmjäger Squad Paradrop
Stuka Strafing Run
Sturmpanzer IV Brummbär
Panzer Officer Quarters
Selects Stuka Loiter
Selects Stuka Loiter
Stuka Loiter
Stuka Strafing Run
Stoßtruppen Squad
Pioneer Squad
[PD] reloadKing
[PD]Bimbi
A Sassy Badger
Admiral SUNA
[PD]Folscher
[PD]PragerSchinken
[PD] Captain Unbrauchbar
My body my choice
0
0

Comments sign in to comment!

No comments posted yet!